 Dungeon Crawl Stone Soup version 0.28.0-43-g3370ac3207 (webtiles) character file.

Game seed: 16915267568347307834

39 silky the Chopper (level 3, -2/29 HPs)
             Began as a Minotaur Chaos Knight on Mar 29, 2022.
             Was a Plaything of Xom.
             Slain by an orc priest
             ... wielding a +0 flail
              (7 damage)
             ... on level 3 of the Dungeon.
             The game lasted 00:04:34 (1627 turns).

silky the Chopper (Minotaur Chaos Knight)           Turns: 1627, Time: 00:04:34

Health: -2/29      AC:  7    Str: 14    XL:     3   Next: 28%
Magic:  2/2        EV: 10    Int:  9    God:    Xom [...*..]
Gold:   89         SH:  0    Dex:  9    Spells: 2/2 levels left

rFire   . . .      SeeInvis .   a - +0 hand axe (chaos)
rCold   + . .      Faith    .   (no shield)
rNeg    . . .      Spirit   .   d - +2 ring mail {rPois}
rPois   +          Reflect  .   (helmet restricted)
rElec   .          Harm     .   (no cloak)
rCorr   .          Rampage  .   (no gloves)
Will    +....                   (no boots)
Stlth   ..........              (no amulet)
HPRegen 0.09/turn               b - ring of willpower
MPRegen 0.08/turn               (no ring)

@: no status effects
A: horns 2, retaliatory headbutt, cold resistance 1, deterioration 1, frail 1,
weak 2
a: Renounce Religion


You were on level 3 of the Dungeon.
You worshipped Xom.
You were a favourite toy of Xom.
You visited 1 branch of the dungeon, and saw 3 of its levels.

You collected 89 gold pieces.

Inventory:

Hand Weapons
 a - a +0 hand axe of chaos (weapon)
Armour
 d - a +2 ring mail of poison resistance (worn)
Jewellery
 b - a ring of willpower (left hand)
Scrolls
 c - 4 scrolls of identify {unknown}
 e - a scroll of immolation {unknown}
 f - a scroll of enchant weapon {unknown}


   Skills:
 + Level 4.2 Fighting
 + Level 4.7 Axes
 + Level 2.5 Armour
 + Level 1.2 Dodging


You had 2 spell levels left.
You didn't know any spells.
Your spell library contained the following spells:

 Spells                   Type           Power      Damage    Failure   Level
 Confusing Touch          Hex            0%         N/A       94%         3
 Yara's Violent Unravell  Hex/Tmut       0%         3d3       100%        5
 Enfeeble                 Hex            0%         N/A       100%        7


Dungeon Overview and Level Annotations

Branches:
Dungeon (3/15)

Altars:


Innate Abilities, Weirdness & Mutations

You have a pair of horns on your head.
You reflexively headbutt those who attack you in melee.
Your flesh is cold resistant. (rC+)
Your body sometimes deteriorates upon taking damage.
You are frail. (-10% HP)
You are very weak. (Str -4)


Message History

Something hits you.
You hit the orc priest.
You headbutt the orc priest, but do no damage.
The orc priest is lightly wounded.
You barely miss something. You hit the orc. You burn the orc.
The orc hits you but does no damage. The orc priest closely misses you.
Something hits you but does no damage.
You closely miss the orc priest.
The orc priest is lightly wounded.
You closely miss something. You hit the orc. The orc hits you with a +0 club.
The orc priest hits you with a +0 flail.
Something hits you but does no damage.
You barely miss the orc priest.
The orc priest is lightly wounded.
You hit the orc. Lightning courses through the orc!
You kill the orc!
You miss something. The orc priest barely misses you. You furiously retaliate!
You headbutt the orc priest, but do no damage.
Something hits you.
You hit the orc priest but do no damage.
The orc priest easily resists.
Your headbutt misses the orc priest.
The orc priest is lightly wounded.
You closely miss something.
The orc priest hits you with a +0 flail.
Something hits you but does no damage.
You hit the orc priest but do no damage.
The orc priest is lightly wounded.
You miss something. "Serve the mortal, my children!"
The orc priest barely misses you. Something hits you but does no damage.
You barely miss the orc priest.
The orc priest is lightly wounded.
You miss something. The orc priest misses you. You furiously retaliate!
You headbutt the orc priest, but do no damage.
Something hits you.
* * * LOW HITPOINT WARNING * * *
Your crimson imp hits the orc priest.
The orc priest hits you with a +0 flail!
You die... "I guess I need a new plaything now."

#.# #.# #.#
##.## #...# .#
#..5#######..#
#.){(.....#..
#####.o5####....
##.....5@......#
<..............#
##..........>#.#
####...>..<...#
#..(.#.#####
#....#.#
#....#.#
#......#
###.#.##


You could see an orc priest (ally target), a friendly iron imp (summoned), a
friendly crimson imp (summoned) and a friendly ufetubus (summoned).

Vanquished Creatures
  An adder (D:2)
  A dart slug (D:1)
  2 orcs (D:3)
  A ball python (D:1)
  An endoplasm (D:2)
  2 giant cockroaches (D:1)
  3 hobgoblins (D:1)
  3 jackals (D:1)
  A quokka (D:2)
  4 bats
  2 frilled lizards
  A kobold (D:1)
  5 rats
27 creatures vanquished.

Notes
Turn   | Place    | Note
-------+----------+-------------------------------------------
     0 | D:1      | silky the Minotaur Chaos Knight began the quest for the
                  | Orb.
     0 | D:1      | Reached XP level 1. HP: 19/19 MP: 0/0
    99 | D:1      | XOM: potion effect (haste)
   213 | D:1      | Reached XP level 2. HP: 27/27 MP: 1/1
   637 | D:1      | XOM: summons 2 hostile shadow creatures
   732 | D:1      | XOM: summons 1 hostile shadow creature
   954 | D:1      | XOM: give mutations
   954 | D:1      | Gained mutation: Your body sometimes deteriorates upon
                  | taking damage. [Xom's mischief]
   954 | D:1      | Gained mutation: You are weak. (Str -2) [Xom's mischief]
   954 | D:1      | Gained mutation: Your flesh is cold resistant. (rC+) [Xom's
                  | mischief]
  1097 | D:2      | XOM: enchant monster (bad)
  1102 | D:2      | Reached XP level 3. HP: 33/33 MP: 2/2
  1261 | D:2      | Found a faded altar of an unknown god.
  1408 | D:2      | XOM: scenery: 2 doors open, 1 doors close
  1470 | D:2      | XOM: cloud trail
  1495 | D:2      | XOM is BORED!
  1495 | D:2      | XOM: give mutations
  1495 | D:2      | Gained mutation: You are very weak. (Str -4) [Xom's
                  | mischief]
  1495 | D:2      | Gained mutation: You are frail. (-10% HP) [Xom's mischief]
  1625 | D:3      | XOM: summons 3 friendly demons
  1627 | D:3      | Slain by an orc priest

Illustrated notes

Levels and vault maps discovered:
D:1:      dpeg_arrival_rhombus, layout_basic, glass_columns_a,
          minmay_misc_feat_room, hangedman_decor_push
D:2:      layout_basic, chequers_ecumenical_altar_simple_redux
D:3:      layout_loops_cross, uniq_natasha, uniq_jessica

Skill      XL: |  1  2 |
---------------+-------+-----
Axes           | 4 |  4.7
Fighting       | 4 |  4.2
Armour         | |  2.5
Dodging        | |  1.2

Action                   || total
-------------------------++-------
Melee: Hand axe          ||    68
       Headbutt          ||     8
Armor: Leather armour    ||    12
       Ring mail         ||    32
Dodge: Dodged            ||    33
